 Dungeon Crawl Stone Soup version 0.24-a0-698-g60d090ba07 (webtiles) character file.

44 Buhirmon the Sneak (level 3, 18/18 HPs)
             Began as a Spriggan Assassin on Mar 30, 2017.
             Got out of the dungeon alive.
             The game lasted 00:06:47 (1271 turns).

Buhirmon the Sneak (Spriggan Assassin)              Turns: 1271, Time: 00:06:48

Health: 18/18      AC:  3    Str:  7    XL:     3   Next: 39%
Magic:  4/4        EV: 17    Int: 13    God:
Gold:   142        SH:  0    Dex: 17    Spells: 2/2 levels left

rFire    . . .     SeeInvis +   a - +2 dagger
rCold    . . .     Gourm    .   (shield restricted)
rNeg     . . .     Faith    .   c - +0 robe
rPois    .         Spirit   .   (helmet restricted)
rElec    .         Reflect  .   d - +0 cloak
rCorr    .         Harm     .   (gloves unavailable)
MR       .....                  (boots unavailable)
Stlth    ++++......             (no amulet)
HPRegen  0.06/turn              (no ring)
MPRegen  0.09/turn              (no ring)

@: very quick
A: very small, unfitting armour, see invisible, herbivore, speed 3, slow
metabolism 2
a: no special abilities


You escaped.
You were not hungry.

You visited 1 branch of the dungeon, and saw 1 of its levels.

You collected 142 gold pieces.

Inventory:

Hand Weapons
 a - a +2 dagger (weapon)
 b - a +0 blowgun
Missiles
 e - 8 poisoned darts (quivered)
 f - 2 curare-tipped darts
Armour
 c - a +0 robe (worn)
 d - a +0 cloak (worn)
Scrolls
 h - a scroll of amnesia {unknown}
 i - 3 scrolls of identify {unknown}
 j - 2 scrolls of teleportation {unknown}
 l - a scroll of fear {unknown}
 m - a scroll of enchant armour {unknown}
 n - a scroll of remove curse {unknown}
Potions
 k - a potion of lignification {unknown}
Comestibles
 g - a ration


   Skills:
 + Level 1.7 Fighting
 * Level 2.6 Short Blades
 - Level 2.2 Throwing
 + Level 2.3 Dodging
 + Level 6.9 Stealth


You had 2 spell levels left.
You didn't know any spells.
Your spell library was empty.

Dungeon Overview and Level Annotations

Branches:
Dungeon (1/15)

Altars:


Innate Abilities, Weirdness & Mutations

You are very small and have problems with some larger weapons.
You are too small for most types of armour.
You have supernaturally acute eyesight. (SInv)
You are a herbivore.
You cover ground extremely quickly.
You need to consume almost no food.


Message History

Done exploring.
Done exploring.
Unknown command.
Unknown command.
Okay, then.
Unknown command.
Unknown command.
Unknown command.
Unknown command.
Unknown command.
Unknown command.
Welcome back, Buhirmon the Spriggan Assassin.
Press ? for a list of commands and other information.
Things that are here:
5 stones; a club; a kobold corpse You see here a club.
You see here a stone.
There is a staircase leading out of the dungeon here.
Are you sure you want to leave the Dungeon?
This will make you lose the game!
You have escaped!

..###....#)......................
......#..#.......................
.........#...#######...#####...##
##.####..#...# #...# #...# #.#
#..#...# #...# #...##
##.####..#...# #...#####.....
.....##..#...#######.........)...
##.#.##).#.......................
...#.....#......@........#####...
.###..#..#........####...# #...
.###.....#...##...# #...# #...
.........#...##...####...#####...
.###.....#.%.....................
.........#.......................
####.....########################
##......# #.####.#
##...#.###......#


There were no monsters in sight!

Vanquished Creatures
  2 oozes (D:1)
  A dart slug (D:1)
  6 bats (D:1)
  7 goblins (D:1)
  5 hobgoblins (D:1)
  2 jackals (D:1)
  3 kobolds (D:1)
  4 rats (D:1)
30 creatures vanquished.

Notes
Turn   | Place    | Note
-------+----------+-------------------------------------------
     0 | D:1      | Buhirmon the Spriggan Assassin began the quest for the Orb.
     0 | D:1      | Reached XP level 1. HP: 10/10 MP: 2/2
    51 | D:1      | Reached skill level 6 in Stealth
   116 | D:1      | Reached XP level 2. HP: 3/15 MP: 3/3
   791 | D:1      | Reached XP level 3. HP: 14/18 MP: 4/4
  1271 | D:$      | Got out of the dungeon alive.

Levels and vault maps discovered:
D:1:      dpeg_arrival_boxorama, nrook_uturn, minmay_tetromino_l2

Skill      XL: |  1  2 |
---------------+-------+-----
Stealth        | 6 |  6.9
Dodging        | 2 |  2.3
Fighting       | |  1.7
Short Blades   | |  2.6
Throwing       | |  2.2

Action                   || total
-------------------------++-------
Melee: Dagger            ||    86
 Stab: Sleeping          ||    11
       Distracted        ||     1
Armor: Robe              ||     6
Dodge: Dodged            ||    65

Table legend:
 A = Non-vault XP
 B = Vault XP
 C = Vault XP percentage of total XP
 D = Non-vault monster count
 E = Vault monster count
 F = Vault count percentage of total count
                 A         B        C        D         E       F
            +---------+---------+-------+---------+---------+-------
      Total |       0 |       0 |   N/A |       0 |       0 |  -nan
            +---------+---------+-------+---------+---------+-------
            +---------+---------+-------+---------+---------+-------
